 Dungeon Crawl Stone Soup version 0.32-a0-898-g7811c86cf0 (webtiles) character file.

Game seed: 5116993585950276213

1276 ShinMegamiTenseiJew the Charlatan (level 8, -3/59 (61) HPs)
             Began as a Coglin Artificer on Apr 4, 2024.
             Succumbed to a wight's poison
             ... on level 8 of the Dungeon.
             The game lasted 00:21:45 (4384 turns).

ShinMegamiTenseiJew the Charlatan (CoAr)            Turns: 4384, Time: 00:21:46

HP:   -3/59 (61)    AC: 20    Str: 15    XL:     8   Next: 54%
MP:   8/8           EV:  4    Int: 10    God:
Gold: 151           SH:  0    Dex: 15    Spells: 7/7 levels left

rFire   . . .        y - +1 dagger (speed) {Septima}
rCold   . . .        D - +0 morningstar (protect) {Sukanya}
rNeg    . . .        i - +0 plate armour
rPois   .            x - +0 hat
rElec   .            (no cloak)
rCorr   .            (no gloves)
SInv    .            m - +0 pair of boots
Will    .....        (amulet unavailable) Stlth
                     (ring unavailable)
HPRegen 0.29/turn    (ring unavailable)
MPRegen 0.11/turn    (no gizmo)

%: no passive effects
@: lethally poisoned (-3 -> -21), under a protective aura, lightly drained,
revved
A: off-hand wielding, slow wielding, warmup strikes, no jewellery
a: Invent Gizmo


You were on level 8 of the Dungeon.
You visited 2 branches of the dungeon, and saw 8 of its levels.

You collected 393 gold pieces.
You spent 242 gold pieces at shops.

Inventory:

Hand Weapons
 e - a +1 dagger of venom
 t - a +0 scythe {Yadidatum}
 y - a +1 dagger of speed (weapon) {Septima}
 D - a +0 morningstar of protection (offhand) {Sukanya}
 K - a +2 hand axe of venom
Armour
 b - a +0 leather armour
 i - a +0 plate armour (worn)
 j - a +0 robe
 m - a +0 pair of boots (worn)
 o - a +0 chain mail
 x - a +0 hat (worn)
Jewellery
 l - an amulet of the acrobat
 u - a ring of protection from fire
 z - a +4 ring of protection
 C - an amulet of the acrobat
Wands
 c - a wand of flame (28)
 d - a wand of charming (9) (quivered)
 I - a wand of digging (4)
Scrolls
 a - a scroll of blinking {unknown}
 g - 5 scrolls of identify
 k - a scroll of enchant weapon {unknown}
 q - a scroll of silence {unknown}
 w - 3 scrolls of teleportation {unknown}
 A - a scroll of revelation {unknown}
 B - 2 scrolls of noise {unknown}
 G - a scroll of torment {unknown}
 H - a scroll of fog {unknown}
 J - a scroll of poison {unknown}
Potions
 f - a potion of lignification {unknown}
 h - a potion of might {unknown}
 n - a potion of invisibility {unknown}
 p - 2 potions of cancellation {unknown}
 r - 2 potions of curing
 s - 3 potions of attraction {unknown}
 v - a potion of degeneration {unknown}
 E - a potion of berserk rage {unknown}
 F - a potion of resistance {unknown}


   Skills:
 + Level 4.3 Fighting
 + Level 4.4 Armour
 + Level 4.0 Dodging
 + Level 4.0 Stealth
 + Level 7.1 Evocations


You had 7 spell levels left.
You didn't know any spells.
Your spell library contained the following spells:

 Spells                   Type           Power      Damage    Failure   Level
 Anguish                  Hex/Necr       0%         N/A       100%        4
 Cause Fear               Hex            0%         N/A       100%        4
 Enfeeble                 Hex            0%         N/A       100%        7


Dungeon Overview and Level Annotations

Branches:
Dungeon (8/15)             Temple (1/1) D:7
   Lair: D:8-11

Altars:
Ashenzari
Cheibriados
Dithmenos
Gozag
Hepliaklqana
Kikubaaqudgha
Makhleb
Nemelex Xobeh
Okawaru
Ru
Sif Muna
Trog
Uskayaw
Vehumet
Wu Jian
Yredelemnul
The Shining One

Shops:
D:3 [   D:5 *   D:7 (


Innate Abilities, Weirdness & Mutations

You can wield a second weapon in your off-hand.
It takes a long time for you to wield or remove held weapons.
Your first few attacks do less damage.
You cannot equip rings or amulets.


Message History

You hit the wight but do no damage.
* * * LOW HITPOINT WARNING * * *
You feel extremely sick. The wight barely misses you.
You hit the wight with your +0 morningstar of protection.
The wight is heavily damaged.
You closely miss the wight with your +1 dagger of speed.
* * * LOW HITPOINT WARNING * * *
You feel very sick.
The wight hits you with a +2 spear of venom.
* * * LOW HITPOINT WARNING * * *
You feel drained.
You are more poisoned.
You closely miss the wight with your +0 morningstar of protection.
The wight is heavily damaged.
You hit the wight but do no damage.
* * * LOW HITPOINT WARNING * * *
You feel extremely sick. The wight completely misses you.
You feel better. The wight barely misses you.
You barely miss the wight with your +0 morningstar of protection.
The wight is heavily damaged.
You hit the wight but do no damage.
The wight hits you with a +2 spear of venom.
* * * LOW HITPOINT WARNING * * *
You are poisoned.
You hit the wight but do no damage.
The wight is heavily damaged.
You closely miss the wight with your +0 morningstar of protection.
* * * LOW HITPOINT WARNING * * *
You feel very sick.
The wight hits you with a +2 spear of venom.
* * * LOW HITPOINT WARNING * * *
You feel drained.
You are more poisoned.
You hit the wight but do no damage.
The wight is heavily damaged.
You hit the wight but do no damage.
Your weapon exudes an aura of protection.
You die...

#.....
########......
#....<...#
....####.### .
#.# #.###
#...#######
#.........#
#.###@###.#
#.#..z..#
..#...>.#
##.........
#.#.....#.#
#.#.....#.# #
###.### # ...


You could see a wight.

Vanquished Creatures
  Grinder (D:5)
  Sigmund (D:2)
  A water moccasin (D:7)
  2 kobold brigands (D:7)
  A bullfrog (D:8)
  2 scorpions
  5 howler monkeys (D:7)
  A bombardier beetle (D:5)
  A gnoll bouda (D:7)
  An iguana (D:7)
  2 sleepcaps (D:7)
  An orc wizard (D:7)
  4 adders
  4 gnolls (D:7)
  2 dart slugs (D:3)
  A ribbon worm (D:2)
  9 orcs
  A bat (D:2)
  3 endoplasms
  2 giant cockroaches
  7 hobgoblins
  7 jackals
  A quokka (D:1)
  6 ball pythons
  6 frilled lizards
  3 goblins
  15 kobolds
  6 rats (D:1)
96 creatures vanquished.

Vanquished Creatures (collateral kills)
  A giant cockroach (D:2)
  A ball python (D:2)
2 creatures vanquished.

Vanquished Creatures (others)
  2 orcs (D:7)
2 creatures vanquished.

Grand Total: 100 creatures vanquished

Notes
Turn   | Place    | Note
-------+----------+-------------------------------------------
     0 | D:1      | ShinMegamiTenseiJew the Coglin Artificer began the quest
                  | for the Orb.
     0 | D:1      | Reached XP level 1. HP: 15/15 MP: 1/1
    43 | D:1      | Reached skill level 1 in Dodging
   217 | D:1      | Reached skill level 1 in Stealth
   222 | D:1      | Reached XP level 2. HP: 17/21 MP: 2/2
   559 | D:1      | Reached XP level 3. HP: 23/26 MP: 3/3
   893 | D:2      | Noticed Sigmund
   896 | D:2      | Killed Sigmund
   897 | D:2      | Reached skill level 5 in Evocations
   897 | D:2      | Reached XP level 4. HP: 34/34 MP: 4/4
   897 | D:2      | Reached XP level 5. HP: 39/39 MP: 5/5
  1737 | D:3      | Found Ajyopat's Antique Armour Boutique.
  2012 | D:3      | Reached XP level 6. HP: 46/46 MP: 6/6
  2186 | D:3      | You fall into a shaft and drop 2 floors!
  2186 | D:5      | Entered Level 5 of the Dungeon
  2341 | D:5      | Found Rasuphad's General Store.
  2346 | D:5      | Bought a +0 morningstar of protection for 74 gold pieces
  2629 | D:5      | Noticed Grinder
  2637 | D:5      | Paralysed by Grinder for 3 turns
  2641 | D:5      | Paralysed by Grinder for 2 turns
  2643 | D:5      | Killed Grinder
  2644 | D:5      | Reached XP level 7. HP: 33/52 MP: 7/7
  2820 | D:7      | Reached skill level 6 in Evocations
  2864 | D:7      | Found a staircase to the Ecumenical Temple.
  3188 | D:7      | Reached XP level 8. HP: 19/60 MP: 8/8
  3196 | Temple   | Entered the Ecumenical Temple
  4087 | D:7      | Reached skill level 7 in Evocations
  4145 | D:7      | Found Xiss's Antique Weapon Shop.
  4155 | D:7      | Bought a runed hand axe for 168 gold pieces
  4383 | D:8      | HP: 2/60 [wight/+2 spear of venom (5)]
  4384 | D:8      | Succumbed to a wight's poison

Illustrated notes

Levels and vault maps discovered:
D:1:      dpeg_arrival_stonehenge_8_columns, layout_basic
D:2:      layout_basic, uniq_sigmund
D:3:      layout_loops_ring, serial_shops, shop
D:5:      layout_basic, serial_shops, kennysheep_little_box,
          nicolae_figureground_pulse, uniq_grinder
D:6:      layout_basic, serial_shops, nicolae_shop_rolled_up,
          nicolae_shop_statue_plus, nicolae_shop_just_a_little_nook,
          gammafunk_ghost_nasty_kobolds, minmay_starry_boxes
D:7:      layout_basic, minmay_temple_entry_glass, serial_shops,
          nicolae_shop_just_a_little_nook, minivault_22, minivault_1,
          chequers_hall_statues_wall_a, serial_bayou_pond_b
D:8:      layout_rooms, lemuel_doored_altar, st_stairs_3, uniq_joseph
Temple:   minmay_crystal_spiral_temple

Skill      XL: |  1  2  3  4  5  6  7  8 |
---------------+-------------------------+-----
Dodging        | 1 2 3 4 |  4.0
Stealth        | 1 2 3 4 |  4.0
Armour         | 2 3 4 |  4.4
Fighting       | 2 3 4 |  4.3
Evocations     | 5 6 7 |  7.1

Action                     |  1- 3 |  4- 6 |  7- 9 || total
---------------------------+-------+-------+-------++-------
  Melee: Dagger            |    88 |    59 |   131 ||   278
         Club              |    80 |     5 |       ||    85
         Halberd           |       |    27 |       ||    27
         War axe           |       |    25 |       ||    25
         Morningstar       |       |    32 |   146 ||   178
  Evoke: Wand              |     4 |     3 |     8 ||    15
    Use: Potion            |       |       |     3 ||     3
         Scroll            |       |       |     1 ||     1
 Armour: Plate armour      |   124 |   105 |   187 ||   416
         Leather armour    |    10 |       |       ||    10
  Dodge: Dodged            |    15 |    25 |    49 ||    89

Table legend: (Time is in decaauts)
 A = Elapsed time spent in this place.
 B = Non-inter-level travel time spent in this place.
 C = Inter-level travel time spent in this place.
 D = Time resting spent in this place.
 E = Time spent auto-exploring this place.
 F = Levels seen in this place.
 G = Mean time per level.
                   A        B        C        D        E       F      G
               +--------+--------+--------+--------+--------+-----+--------+
         Total |   4449 |   3692 |    757 |     68 |   2628 |   8 |  556.1 |
       Dungeon |   4137 |   3563 |    574 |     68 |   2502 |   7 |  591.0 |
        Temple |    311 |    128 |    183 |      0 |    126 |   1 |  311.0 |
               +--------+--------+--------+--------+--------+-----+--------+

Top non-repeatable levels by time:
     D:7: 1305 daAuts
     D:2: 1028 daAuts
     D:1: 736 daAuts
     D:5: 584 daAuts
     D:3: 450 daAuts
  Temple: 311 daAuts
     D:8: 24 daAuts
     D:6: 6 daAuts
